 Dungeon Crawl Stone Soup version 0.19-a0-965-g50bf062 (webtiles) character file.

34139 FitzyFitz the Transmogrifier (level 13, -4/71 HPs)
             Began as a Vine Stalker Transmuter on July 12, 2016.
             Was a High Priest of Makhleb.
             Shot with an arrow by Nessos (8 damage)
             ... on level 6 of the Lair of Beasts on July 13, 2016.
             The game lasted 01:12:04 (17937 turns).

FitzyFitz the Transmogrifier (VSTm)                Turns: 17937, Time: 01:12:04

Health: -4/71      AC: 16    Str: 13 (14) XL:     13   Next: 75%
Magic:  0/25       EV: 15    Int: 23 (24) God:    Makhleb [*****.]
Gold:   1017       SH:  2    Dex: 15      Spells: 5 memorised, 6 levels left

rFire  + . .     SeeInvis .     a - +4 short sword of Might {pierce, rPois rC+ Int+3}
rCold  + + .     Gourm    .     q - +0 troll leather armour
rNeg   . . .     Faith    .     (no shield)
rPois  +         Spirit   +     M - +0 hat {MR+}
rElec  +         Dismiss  .     I - +2 cloak
rCorr  +         Reflect  .     (no gloves)
SustAt .         Harm     +     i - +0 pair of boots
MR     ++...                    e - amulet of harm
Stlth  +++.......               w - +4 ring of intelligence
                                L - +5 ring of protection

@: about to teleport, resistant, frozen, very slightly contaminated, hasted,
quick, very resistant to hostile enchantments, fairly stealthy
A: fangs 3, large bone plates 1, rugged brown scales 1, deterioration 1,
regeneration 3, magic shield, antimagic bite, no device heal 3, rot immunity
a: Minor Destruction, Lesser Servant of Makhleb, Major Destruction, Greater
Servant of Makhleb, Renounce Religion


You were on level 6 of the Lair of Beasts.
You worshipped Makhleb.
Makhleb was extremely pleased with you.
You were very hungry.

You visited 3 branches of the dungeon, and saw 18 of its levels.
You also visited: Ossuary.

You collected 1017 gold pieces.

Inventory:

Hand Weapons
 a - the +4 short sword of Might (weapon) {pierce, rPois rC+ Int+3}
   (You found it on level 5 of the Dungeon)

   It inflicts extra damage upon your enemies.
   It affects your intelligence (+3).
   It protects you from cold.
   It protects you from poison.
 s - a +0 blowgun
Missiles
 A - 177 arrows
 E - 59 poisoned needles
 F - 5 curare-tipped needles
 R - 2 throwing nets (quivered)
Armour
 i - a +0 pair of boots (worn)
 q - a +0 troll leather armour (worn)
 I - a +2 cloak (worn)
 M - a +0 hat of magic resistance (worn)
 P - a +0 shield
Jewellery
 e - an amulet of harm (around neck)
 o - an uncursed ring of flight
 v - an uncursed ring of protection from magic
 w - a +4 ring of intelligence (right hand)
 z - an uncursed ring of protection from fire
 C - an uncursed ring of ice
 L - a +5 ring of protection (left hand)
Wands
 n - a wand of paralysis (5/24)
 p - a wand of confusion (15/48)
 D - a wand of hasting (3/9)
 N - a wand of teleportation (6/9)
 T - a wand of digging (15/24)
Scrolls
 f - a scroll of recharging
 h - 2 scrolls of amnesia
 r - 16 scrolls of remove curse
 G - 2 scrolls of enchant weapon
 K - a scroll of enchant armour
 O - a scroll of brand weapon
Potions
 k - 7 potions of curing
 m - a potion of cure mutation
 u - 3 potions of brilliance
 x - a potion of might
 U - a potion of cancellation
 W - 2 potions of resistance
Books
 b - a book of Ice

   Spells                             Type                      Level
   a - Ice Form                       Ice/Transmutation            4
   b - Metabolic Englaciation         Hexes/Ice                    5
   c - Ozocubu's Refrigeration        Ice                          6
   d - Bolt of Cold                   Conjuration/Ice              6
   e - Freezing Cloud                 Conjuration/Ice/Air          6
   f - Simulacrum                     Ice/Necromancy               6
 c - a book of Changes

   Spells                             Type                      Level
   a - Beastly Appendage              Transmutation                1
   b - Sticks to Snakes               Transmutation                2
   c - Spider Form                    Transmutation/Poison         3
   d - Ice Form                       Ice/Transmutation            4
   e - Blade Hands                    Transmutation                5
 j - the Handbook of Destructive Transmutation
   (You acquired it on level 11 of the Dungeon)

   Spells                             Type                      Level
   a - Magic Dart                     Conjuration                  1
   b - Searing Ray                    Conjuration                  2
   c - Ice Form                       Ice/Transmutation            4
   d - Petrify                        Transmutation/Earth          4
   e - Irradiate                      Conjuration/Transmutation    5
   f - Poisonous Cloud                Conjuration/Poison/Air       6
   g - Hydra Form                     Transmutation                6
 l - a book of Changes

   Spells                             Type                      Level
   a - Beastly Appendage              Transmutation                1
   b - Sticks to Snakes               Transmutation                2
   c - Spider Form                    Transmutation/Poison         3
   d - Ice Form                       Ice/Transmutation            4
   e - Blade Hands                    Transmutation                5
 Z - a book of Conjurations

   Spells                             Type                      Level
   a - Magic Dart                     Conjuration                  1
   b - Searing Ray                    Conjuration                  2
   c - Dazzling Spray                 Conjuration/Hexes            3
   d - Fulminant Prism                Conjuration/Hexes            4
   e - Iskenderun's Mystic Blast      Conjuration                  4
   f - Iskenderun's Battlesphere      Conjuration/Charms           5
Miscellaneous
 B - a crystal ball of energy
Comestibles
 d - 13 bread rations
 H - 10 fruits
 Q - a meat ration
 S - 7 beef jerkies


   Skills:
 + Level 8.4 Fighting
 - Level 3.0 Armour
 + Level 5.8 Dodging
 - Level 6.0 Stealth
 + Level 12.0 Unarmed Combat
 + Level 7.3 Spellcasting
 - Level 12.7 Transmutations
 - Level 3.4 Ice Magic
 - Level 1.0 Poison Magic
 + Level 3.4 Invocations


You had 6 spell levels left.
You knew the following spells:

 Your Spells              Type           Power        Failure   Level  Hunger
a - Blade Hands           Tmut           ######....   1%          5    #####..
b - Sticks to Snakes      Tmut           ######..     1%          2    None
c - Spider Form           Tmut/Pois      #####.....   1%          3    None
d - Ice Form              Ice/Tmut       #####...     4%          4    ###....
e - Hydra Form            Tmut           ######....   10%         6    ######.


Dungeon Overview and Level Annotations

Branches:
Dungeon (11/15)            Temple (1/1) D:4            Lair (6/6) D:9
  Swamp (0/4) Lair:3        Snake (0/4) Lair:3        Slime (0/5) Lair:5
    Orc (0/2) D:11

Altars:
Ashenzari
Cheibriados
Elyvilon
Fedhas
Gozag
Hepliaklqana
Kikubaaqudgha
Makhleb
Nemelex Xobeh
Okawaru
Pakellas
Qazlal
Ru
Sif Muna
Trog
Uskayaw
Vehumet
Xom
Yredelemnul

Shops:
D:2 *

Portals:
Ice
Cave: Lair:6

Annotations:
Lair:4 exclusion: oklob plant
Lair:6 Nessos


Innate Abilities, Weirdness & Mutations

You have razor-sharp teeth.
You regenerate.
When hurt, damage is shared between your health and your magic reserves.
Your bite disrupts and absorbs the magic of your enemies.
Potions and wands cannot restore your health.
You are immune to rotting.
You are partially covered in large bone plates. (AC +2, SH +2)
You are partially covered in rugged brown scales. (AC +1, +3% HP)
Your body sometimes deteriorates upon taking damage.


Message History

Unknown command.
Unknown command.
You don't have enough health at the moment.
Okay, then.
Unknown command.
Unknown command.
You feel protected.
Nessos shoots an arrow.
The arrow misses you.
Okay, then.
Unknown command.
Unknown command.
Evoke which item? (* to show all) (? for menu, Esc to quit)
Zapping:
n - a wand of paralysis (6/24)
Press: ? - help, Shift-Dir - straight line, f - rime drake
Aim: a rime drake (chance to defeat MR: 46%)
The rime drake resists with some effort.
This wand has 5 charges left.
The rime drake hisses angrily.
Nessos shoots an arrow.
The arrow hits you!
You die...

,,,,,,,,,,,*,,,*.....P.._†.......
,,,,,*,,,....P...................
,,,,,,,,,.P..P................P.#
,,,*,,,,,.....................P..
,,,,,,,,,................r.......
,,,,,,,,,....(.P.........Y..#.#..
,,,*,,,,≈≈≈≈≈....P....r.........#
*,,,,,,,≈#####.........Y....#...P
,,,*,,,,≈#∩..k..@?........#...#..
,,,,,,,,≈#.....≈...P......#.....P
,,,,,,,,≈#.k.≈#....P.#.#.........
,,*,,,,,,#..≈*≈......#......#....
,,,,,,,,,...*≈......c..#..#......
,,,,,,,,,..≈.......P.....#......#
,,,,,,,,,.,.....................#
*,,,,**,,*..P#####P###..,**,,****
***,********** *** *,*******


You could see Nessos, an elephant, 2 rime drakes and a river rat.

Vanquished Creatures
  Gastronok (Lair:1)
  3 hydras
  2 death yaks
  Nergalle (Lair:3)
  Sonja (Lair:1)
  A hill giant (D:10)
  Pikel (D:4)
  The ghost of deifeln the Archer, a novice CeHu (D:7)
  An ugly thing (D:11)
  2 cyclopes (D:11)
  10 elephants
  2 black mambas
  8 spiny frogs
  2 rime drakes
  6 komodo dragons
  2 trolls (D:11)
  3 polar bears (Lair:4)
  2 giant leeches (Lair:3)
  26 blink frogs
  9 yaks
  A basilisk (Lair:2)
  5 hippogriffs
  A soldier ant (D:10)
  2 swamp worms (Lair:3)
  A naga (Lair:3)
  6 water moccasins
  7 porcupines
  An ice beast (D:8)
  5 orc warriors
  4 ogres
  2 sky beasts
  2 black bears
  3 slaves
  5 wolves
  3 phantoms
  4 centaurs
  4 crocodiles
  2 big kobolds
  15 giant frogs
  A gnoll sergeant (D:8)
  8 scorpions
  4 howler monkeys
  2 centaur zombies
  3 crimson imps
  A giant frog skeleton (D:6)
  2 quasits
  6 orc priests
  3 hounds
  A jelly (D:7)
  A human zombie (Ossuary)
  Crazy Yiuf (D:6)
  8 orc wizards
  4 iguanas
  6 hell rats
  7 worker ants
  7 sheep
  3 hound skeletons
  3 mummies (Ossuary)
  3 worker ant zombies
  A howler monkey skeleton (D:6)
  8 gnolls
  30 river rats
  4 scorpion zombies (Ossuary)
  9 adders
  4 shadow imps
  An ooze (D:1)
  An adder skeleton (D:8)
  3 worms
  A dart slug (D:2)
  4 giant geckos
  33 orcs
  8 giant cockroaches
  4 gnoll zombies (Ossuary)
  6 goblins
  6 hobgoblins
  18 jackals
  2 quokkas
  6 bats
  4 giant newts
  3 goblin zombies
  A hobgoblin zombie (Ossuary)
  16 kobolds
  A kobold zombie (Ossuary)
  3 orc zombies (Ossuary)
  2 quokka skeletons
  A quokka zombie (D:8)
  7 rats
  A fungus (D:9)
419 creatures vanquished.

Vanquished Creatures (collateral kills)
  The ghost of puppykicker the Basher, a journeyman OgWn of Fedhas (D:11)
  A hydra (Lair:3)
  2 elephants (Lair:6)
  2 blink frogs (Lair:3)
  Eustachio (D:5)
  A sky beast (D:5)
  A centaur (D:5)
  A hound (D:7)
  A giant frog skeleton (D:5)
  A gnoll (D:8)
  An adder (D:2)
  A bat (D:3)
  A giant newt (D:2)
15 creatures vanquished.

Vanquished Creatures (others)
  A wyvern (D:2)
  10 fungi
  9 plants
20 creatures vanquished.

Grand Total: 454 creatures vanquished

Notes
Turn   | Place    | Note
-------+----------+-------------------------------------------
     0 | D:1      | FitzyFitz the Vine Stalker Transmuter began the quest for the Orb.
     0 | D:1      | Reached XP level 1. HP: 9/9 MP: 4/4
   152 | D:1      | Reached XP level 2. HP: 13/14 MP: 4/6
   641 | D:1      | Reached XP level 3. HP: 17/17 MP: 7/7
   824 | D:1      | Learned a level 2 spell: Sticks to Snakes
   828 | D:1      | Learned a level 3 spell: Spider Form
   910 | D:2      | Found an opulent altar of Gozag.
   928 | D:2      | Found Gozag's Platinum Reserve.
  1070 | D:2      | Found a hazy altar of Hepliaklqana.
  1091 | D:2      | Found an oddly glowing altar of Pakellas.
  1091 | D:2      | Noticed an orange crystal statue
  1093 | D:2      | Noticed a wyvern
  1101 | D:2      | Killed a wyvern
  1251 | D:2      | Found a snail-covered altar of Cheibriados.
  1365 | D:2      | Reached XP level 4. HP: 12/21 MP: 3/8
  1818 | D:2      | Noticed a giant frog
  1824 | D:2      | Killed a giant frog
  1824 | D:2      | Reached XP level 5. HP: 24/25 MP: 2/9
  2494 | D:3      | Found a shattered altar of Ashenzari.
  2933 | D:4      | Reached skill level 1 in Fighting
  2933 | D:4      | Reached skill level 5 in Transmutations
  2933 | D:4      | Gained mutation: You heal very quickly. [Vine Stalker growth]
  2933 | D:4      | Reached XP level 6. HP: 30/30 MP: 10/10
  2935 | D:4      | Noticed a slave
  3130 | D:4      | Noticed a slave
  3132 | D:4      | Noticed a slave
  3159 | D:3      | Killed a slave
  3221 | D:5      | Entered Level 5 of the Dungeon
  3342 | D:5      | Got a shimmering short sword
  3343 | D:5      | Identified the +4 short sword of Might {pierce, rPois rC+ Int+3} (You found it on level 5 of the Dungeon)
  3389 | D:5      | Noticed Eustachio
  3397 | D:5      | Gained mutation: You are partially covered in large bone plates. (AC +2, SH +2) [potion of mutation]
  3397 | D:5      | Gained mutation: You are partially covered in rugged brown scales. (AC +1, +3% HP) [potion of mutation]
  3397 | D:5      | Gained mutation: Your body sometimes deteriorates upon taking damage. [potion of mutation]
  3404 | D:5      | Killed Eustachio
  3502 | D:5      | Reached XP level 7. HP: 18/36 MP: 2/11
  3657 | D:5      | Learned a level 4 spell: Ice Form
  3744 | D:5      | Found a sacrificial altar of Ru.
  3933 | D:5      | Reached skill level 5 in Unarmed Combat
  4067 | D:5      | Got a pitted spear
  4342 | D:6      | Reached skill level 1 in Poison Magic
  4473 | D:6      | Found a runed door.
  4477 | D:6      | Noticed Crazy Yiuf
  4483 | D:6      | Killed Crazy Yiuf
  4648 | D:6      | Gained mutation: You have razor-sharp teeth. [Vine Stalker growth]
  4648 | D:6      | Reached XP level 8. HP: 8/40 MP: 7/12
  4964 | D:6      | Reached skill level 1 in Ice Magic
  5136 | D:7      | Noticed deifeln's ghost (novice CeHu)
  5614 | D:6      | Identified the +7 spear of Indomitability {flame, Fragile rN++ Dex+6} (You found it on level 5 of the Dungeon)
  5814 | D:8      | Found a snail-covered altar of Cheibriados.
  5918 | D:8      | Found a sand-covered staircase.
  5929 | Ossuary  | Entered an ossuary
  5996 | Ossuary  | Reached XP level 9. HP: 43/43 MP: 8/13
  6533 | D:8      | Found a sparkling altar of Nemelex Xobeh.
  6665 | D:8      | Found a basalt altar of Yredelemnul.
  7166 | D:8      | Reached skill level 1 in Stealth
  7315 | D:7      | Killed deifeln's ghost
  7394 | D:7      | Reached skill level 10 in Transmutations
  7976 | D:8      | Reached XP level 10. HP: 50/50 MP: 9/14
  8173 | D:9      | Found a staircase to the Lair.
  9122 | D:4      | Noticed Pikel
  9298 | D:4      | Found a staircase to the Ecumenical Temple.
  9310 | Temple   | Entered the Ecumenical Temple
  9477 | Temple   | Became a worshipper of Makhleb the Destroyer
  9591 | D:4      | Found a blossoming altar of Fedhas.
  9592 | D:4      | Found an ancient bone altar of Kikubaaqudgha.
  9708 | D:4      | Killed Pikel
 10198 | D:10     | Entered Level 10 of the Dungeon
 10364 | D:10     | Learned a level 5 spell: Blade Hands
 10413 | D:10     | Noticed a hill giant
 10432 | D:10     | Killed a hill giant
 10530 | D:10     | Reached * piety under Makhleb
 10760 | D:10     | Reached skill level 5 in Stealth
 10827 | Lair:1   | Entered Level 1 of the Lair of Beasts
 10900 | Lair:1   | Noticed a black mamba
 10909 | Lair:1   | Killed a black mamba
 11006 | Lair:1   | Noticed Sonja
 11117 | Lair:2   | Reached XP level 11. HP: 54/55 MP: 14/16
 11321 | Lair:2   | Reached skill level 5 in Fighting
 11528 | Lair:1   | Reached ** piety under Makhleb
 11548 | Lair:1   | Noticed Gastronok
 11560 | Lair:1   | Killed Gastronok
 11560 | Lair:1   | Reached skill level 1 in Armour
 12046 | Lair:2   | Noticed an eight-headed hydra
 12079 | Lair:2   | Killed an eight-headed hydra
 12235 | Lair:3   | Noticed a four-headed hydra
 12390 | Lair:3   | Noticed a five-headed hydra
 12409 | Lair:3   | HP: 3/67 [komodo dragon (17)]
 12420 | Lair:3   | Noticed Nergalle
 12551 | Lair:3   | Killed a four-headed hydra
 12622 | Lair:3   | Found a staircase to the Swamp.
 12737 | D:11     | Noticed a purple ugly thing
 12742 | D:11     | Killed a purple ugly thing
 12769 | D:11     | Noticed a cyclops
 13006 | D:10     | Reached skill level 10 in Unarmed Combat
 13162 | D:11     | HP: 3/68 [orc warrior/hand axe of chopping (6)]
 13354 | D:11     | Found a stormy altar of Qazlal.
 13356 | D:11     | Noticed puppykicker's ghost (journeyman OgWn)
 13371 | D:11     | Killed puppykicker's ghost
 13371 | D:11     | Gained mutation: You regenerate. [Vine Stalker growth]
 13371 | D:11     | Reached XP level 12. HP: 39/61 MP: 6/18
 13448 | D:11     | Found a staircase to the Orcish Mines.
 13510 | D:11     | Reached *** piety under Makhleb
 13957 | D:11     | Identified a scroll of acquirement
 13960 | D:11     | Identified the Handbook of Destructive Transmutation (You acquired it on level 11 of the Dungeon)
 14142 | Lair:1   | Killed Sonja
 14449 | Lair:3   | Noticed a four-headed hydra
 14634 | Lair:3   | Killed Nergalle
 14791 | Lair:3   | Killed a four-headed hydra
 14791 | Lair:3   | Reached skill level 5 in Spellcasting
 14810 | Lair:3   | Learned a level 6 spell: Hydra Form
 14945 | Lair:3   | Reached **** piety under Makhleb
 15068 | Lair:3   | Killed a five-headed hydra
 15193 | Lair:3   | Found a staircase to the Snake Pit.
 15819 | Lair:4   | Noticed a six-headed hydra
 15871 | Lair:3   | Reached ***** piety under Makhleb
 16021 | Lair:4   | Reached XP level 13. HP: 69/69 MP: 22/22
 16090 | Lair:4   | Reached skill level 1 in Invocations
 16811 | Lair:5   | Reached skill level 5 in Dodging
 17412 | Lair:5   | Found a staircase to the Slime Pits.
 17712 | Lair:6   | Entered Level 6 of the Lair of Beasts
 17884 | Lair:6   | Found a shattered altar of Ashenzari.
 17931 | Lair:6   | Noticed Nessos
 17934 | Lair:6   | Found a frozen archway.
 17934 | Lair:6   | HP: 1/71 [rime drake/flash freeze (14)]
 17937 | Lair:6   | Shot with an arrow by Nessos

Vault maps used:
D:1:      minmay_arrival_five_plusses, hangedman_decor_peaks_small
D:2:      lemuel_round_altar, gammafunk_pakellas_statue_experiment,
          nicolae_gozag_zags_fifth_avenue, minmay_misc_feat_room,
          cheibriados_altar_1
D:3:      lemuel_doored_altar
D:4:      grunt_temple_overflow_growth_and_decay, first_bread, uniq_pikel
D:5:      nicolae_ru_the_path_less_chosen, minmay_misc_feat_diagonals,
          minmay_statues_item, st_stairs_3, uniq_eustachio
D:6:      uniq_crazy_yiuf_cottage
D:7:      grunt_ogre_cave
D:8:      lemuel_round_altar, nemelex_altar_shiori, overflow_temple_1_default,
          enter_ossuary_4
D:9:      mumra_celtic_spiral_tile, dpeg_oklobed_lair
D:10:     kennysheep_pointless_box
D:11:     orc_0_dummy, basic_altar
Temple:   minmay_temple_forest_path
Lair:1:   uniq_gastronok, uniq_sonja
Lair:3:   minmay_swamp_entry_worms, guppyfry_snake_entry_island,
          beast_lair_carwin_5, infiniplex_staircase_pool, uniq_nergalle
Lair:4:   beast_lair_carwin_6, grunt_megastairs_4, serial_bayou_shore_b
Lair:5:   dpeg_slime_entry_corner, minivault_11, grunt_megastairs_2,
          bh_autumn_forest_stairs
Lair:6:   minmay_lair_end_enchanted_forest, basic_altar, portal_ice_cave_rime,
          serial_bayou_pond_d, uniq_nessos
Ossuary:  ossuary_minmay_scorpions

Skill      XL: |  1  2  3  4  5  6  7  8  9 10 11 12 13 |
---------------+----------------------------------------+-----
Transmutations | 3 4 5 7 8 10 11 12 | 12.7
Unarmed Combat | 4 5 6 7 8 10 11 12 | 12.0
Fighting       | 1 2 3 4 5 7 8 |  8.4
Poison Magic   | 1 |  1.0
Ice Magic      | 2 3 |  3.4
Stealth        | 3 5 6 |  6.0
Spellcasting   | 3 5 7 |  7.3
Armour         | 3 |  3.0
Dodging        | 4 5 |  5.8
Invocations    | 3 |  3.4

Action                   |  1- 3 |  4- 6 |  7- 9 | 10-12 | 13-15 || total
-------------------------+-------+-------+-------+-------+-------++-------
Melee: Unarmed           |   113 |   135 |   137 |   405 |   177 ||   967
       Bite              |    30 |    41 |    59 |    71 |    67 ||   268
       Kick              |    14 |    19 |       |       |       ||    33
       Headbutt          |    10 |     1 |       |       |       ||    11
       Punch             |     2 |     3 |     6 |    12 |     8 ||    31
       Short sword       |       |     2 |   193 |   131 |    37 ||   363
 Fire: Blowgun           |       |       |     3 |    11 |       ||    14
 Cast: Beastly Appendage |    21 |    15 |       |       |       ||    36
       Sticks to Snakes  |     3 |    24 |     9 |    29 |     4 ||    69
       Spider Form       |       |     1 |     1 |     1 |       ||     3
       Ice Form          |       |       |    11 |    35 |       ||    46
       Blade Hands       |       |       |       |    16 |    16 ||    32
       Hydra Form        |       |       |       |     2 |       ||     2
 Abil: End Transformatio |       |       |     1 |    10 |     1 ||    12
Evoke: Wand              |       |       |       |    20 |     2 ||    22
  Use: Potion            |       |     5 |     4 |     4 |     1 ||    14
       Scroll            |       |     1 |    18 |    17 |     5 ||    41
 Stab: Sleeping          |       |     3 |     8 |     9 |     1 ||    21
       Distracted        |       |       |     1 |     2 |     1 ||     4
  Eat: Chunk             |     2 |     8 |    11 |    25 |     5 ||    51
       Pizza             |       |       |     1 |       |       ||     1
       Royal jelly       |       |       |     1 |       |       ||     1
       Meat ration       |       |       |     1 |     3 |       ||     4
       Fruit             |       |       |     1 |       |       ||     1
       Beef jerky        |       |       |       |       |     1 ||     1
Armor: Robe              |    19 |    26 |    53 |    16 |       ||   114
       Skin              |       |       |    47 |    85 |       ||   132
       Leather armour    |       |       |       |    37 |       ||    37
       Troll leather arm |       |       |       |    60 |    82 ||   142
Dodge: Dodged            |    64 |   110 |   171 |   325 |   143 ||   813
Block: Other             |       |       |    17 |    15 |    17 ||    49
